 Dungeon Crawl Stone Soup version 0.14-a0-1297-g3d87a2a (webtiles) character file.

108 PolkaDot the Ruinous (level 4, -4/22 (27) HPs)
             Began as a Vampire Conjurer on Dec 4, 2013.
             Slain by Grinder (6 damage)
             ... on Level 3 of the Dungeon.
             The game lasted 00:12:34 (2143 turns).

PolkaDot the Ruinous (Vampire Conjurer)             Turns: 2143, Time: 00:12:34

HP  -4/22 (27)   AC  3     Str  7      XL: 4   Next: 20%
MP   2/7         EV 12     Int 18      God:
Gold 27          SH  0     Dex 14      Spells:  2 memorised,  4 levels left

rFire  . . .     SeeInvis +     m - +0 short sword
rCold  . . .     Clarity  .     a - +0 robe
rNeg   . . .     Conserve .     (no shield)
rPois  .         rCorr    .     (no helmet)
rElec  .         rRot     .     (no cloak)
SustAb . .       Spirit   .     (no gloves)
rMut   .         Warding  .     (no boots)
Saprov . . .     Stasis   .     (no amulet)
                                (no ring)
                                (no ring)

@: regenerating quickly, slightly resistant to hostile enchantments, stealthy
A: fangs 3, molten scales 1, see invisible, frail 1, unbreathing
a: no special abilities


You were on level 3 of the Dungeon.
You were very full.

You visited 1 branch of the dungeon, and saw 3 of its levels.

You collected 27 gold pieces.

Inventory:

Hand weapons
 m - a +0,+0 short sword (weapon)
Armour
 a - a +0 robe (worn)
Scrolls
 b - 2 scrolls of blinking {unknown}
 e - a scroll of random uselessness {unknown}
 f - a scroll of teleportation {unknown}
 g - 2 scrolls of recharging {unknown}
 h - a scroll of immolation {unknown}
 i - a scroll of magic mapping {unknown}
 j - 2 scrolls of identify {unknown}
 k - a scroll of curse jewellery {unknown}
 l - a scroll of fog {unknown}
 o - 2 scrolls of remove curse {unknown}
Books
 c - a book of Conjurations

   Spells                             Type                      Level
   *Magic Dart                        Conjuration                  1
   *Searing Ray                       Conjuration                  2
   Dazzling Spray                     Conjuration/Hexes            3
   Iskenderun's Mystic Blast          Conjuration                  4
   Iskenderun's Battlesphere          Conjuration/Charms           4
   Fulminant Prism                    Conjuration/Hexes            5


   Skills:
 + Level 1.4 Short Blades
 - Level 2.1 Dodging
 - Level 3.0 Stealth
 - Level 2.0 Spellcasting
 * Level 4.1 Conjurations


You had 4 spell levels left.
You knew the following spells:

 Your Spells              Type           Power        Failure   Level  Hunger
a - Magic Dart            Conj           ###.         3%          1    #......
s - Searing Ray           Conj           ###...       6%          2    ##.....


Dungeon Overview and Level Annotations

Branches:
Dungeon (3/16)

Altars:
Nemelex Xobeh

Annotations:
D:3 Grinder


Innate Abilities, Weirdness & Mutations

Your natural rate of healing is unusually fast.
You have razor-sharp teeth.*
You have supernaturally acute eyesight.
You can survive without breathing.*
You are partially covered in molten scales (AC +1).*
You are frail (-10% HP).


Message History

The searing ray hits Grinder.
Grinder is lightly wounded.
Grinder gestures at you. You resist.
The searing ray hits Grinder.
Grinder is moderately wounded.
Grinder says, "Just stop there for a second..."
Grinder barely misses you.
The searing ray hits Grinder.
Grinder is heavily wounded.
Grinder hits you.
You aren't carrying any potions.
Read which item? (? for menu, Esc to quit)
Okay, then.
You hit Grinder.
Grinder is severely wounded.
Grinder hits you!
* * * LOW HITPOINT WARNING * * *
You writhe in agony.
You die...

. ....
.....
......
......#
......#
......+
##......##
#@5......#
#######..#


You could see Grinder.

Vanquished Creatures
  3 adders (D:2)
  A worm (D:2)
  3 giant cockroaches
  6 hobgoblins
  A jackal (D:1)
  A ball python (D:1)
  10 bats
  A giant gecko (D:1)
  3 giant newts
  7 goblins
  9 kobolds
  5 rats
50 creatures vanquished.

Vanquished Creatures (others)
  A quokka (D:2)
1 creature vanquished.

Grand Total: 51 creatures vanquished

Notes
Turn   | Place    | Note
--------------------------------------------------------------
     0 | D:1      | PolkaDot, the Vampire Conjurer, began the quest for the Orb.
     0 | D:1      | Reached XP level 1. HP: 13/13 MP: 3/3
   273 | D:1      | Reached XP level 2. HP: 19/19 MP: 0/4
   354 | D:1      | Learned a level 2 spell: Searing Ray
  1145 | D:2      | Reached XP level 3. HP: 24/24 MP: 3/6
  1193 | D:2      | Found a sparkling altar of Nemelex Xobeh.
  1232 | D:2      | Gained mutation: You are frail (-10% HP). [potion of mutation]
  1232 | D:2      | Gained mutation: You are partially covered in molten scales (AC +1). [potion of mutation]
  1466 | D:2      | Reached skill level 1 in Short Blades
  1466 | D:2      | Reached skill level 4 in Conjurations
  1700 | D:2      | Reached XP level 4. HP: 22/22 MP: 3/7
  2138 | D:3      | Noticed Grinder
  2143 | D:3      | Slain by Grinder

Action                   |  1- 3 |  4- 6 || total
-------------------------+-------+-------++-------
Melee: Unarmed           |    19 |       ||    19
       Short sword       |    14 |     2 ||    16
 Cast: Magic Dart        |    54 |    10 ||    64
       Searing Ray       |    10 |     2 ||    12
  Use: Potion            |     4 |       ||     4
